 Dungeon Crawl Stone Soup version 0.27-a0-1200-g94dc6ad4cf (console) character file.

Game seed: 13387818956328604409

6 Hector the Skirmisher (level 1, 0/18 HPs)
             Began as a Demonspawn Abyssal Knight on May 31, 2021.
             Was a Follower of Lugonu.
             Frozen to death by an endoplasm (2 damage)
             ... on level 1 of the Dungeon.
             The game lasted 00:00:30 (288 turns).

Hector the Skirmisher (Demonspawn Abyssal Knight)    Turns: 288, Time: 00:00:30

Health: 0/18       AC:  3    Str: 12    XL:     1   Next: 75%
Magic:  2/2        EV: 11    Int: 13    God:    Lugonu [*.....]
Gold:   17         SH:  0    Dex: 12    Spells: 0/0 levels left

rFire    . . .     SeeInvis .   a - +1 hand axe
rCold    . . .     Faith    .   (no shield)
rNeg     . . .     Spirit   .   b - +0 leather armour
rPois    .         Reflect  .   (no helmet)
rElec    .         Harm     .   (no cloak)
rCorr    .         Rampage  .   (no gloves)
Will     .....                  (no boots)
Stlth    +.........             (no amulet)
HPRegen  0.06/turn              (no ring)
MPRegen  0.08/turn              (no ring)

@: no status effects
A: no striking features
a: Renounce Religion, Depart the Abyss


You were on level 1 of the Dungeon.
You worshipped Lugonu.
Lugonu was aware of your devotion.
You visited 1 branch of the dungeon, and saw 1 of its levels.
You visited the Abyss 1 time.

You collected 17 gold pieces.

Inventory:

Hand Weapons
 a - a +1 hand axe (weapon)
Armour
 b - a +0 leather armour (worn)
Scrolls
 c - a scroll of identify {unknown}


   Skills:
 - Level 3.0 Fighting
 + Level 2.3 Axes
 - Level 1.7 Armour
 - Level 0.8 Dodging
 - Level 2.4 Invocations


You couldn't memorise any spells.
You didn't know any spells.
Your spell library was empty.

Dungeon Overview and Level Annotations

Branches:
Dungeon (1/15)

Altars:


Message History

a +0 whip; 5 stones A bat comes into view.
The bat closely misses you. The bat misses you.
You closely miss the bat. The bat barely misses you. The bat hits you.
You slash the bat!
You kill the bat!
Lugonu accepts your kill.
No target in view!
A kobold comes into view. It is wielding a +0 dagger.
The kobold shouts!
The kobold closely misses you.
You barely miss the kobold. The kobold barely misses you.
You hit the kobold.
You kill the kobold!
Lugonu accepts your kill.
No target in view!
You see here a +0 dagger.
An endoplasm comes into view.
The endoplasm freezes you.
You are frozen.
You hit the endoplasm.
The endoplasm is severely wounded.
The endoplasm freezes you.
You are frozen.
The endoplasm freezes you.
You are frozen.
* * * LOW HITPOINT WARNING * * *
You are too injured to fight recklessly!
You are too injured to fight recklessly!
You are too injured to fight recklessly!
You are too injured to fight recklessly!
You barely miss the endoplasm.
The endoplasm is severely wounded.
The endoplasm hits you.
* * * LOW HITPOINT WARNING * * *
You hit the endoplasm but do no damage.
The endoplasm is severely wounded.
The endoplasm freezes you.
You are frozen.
You die...

#. ....# #. ....
#.##..# #.##..#####
##########
#..........
.).......# #.......#
########.## #....J..#
##...###...@...#.
#.....##...........
#..............####
#.....##.......# #
................... .
....#.#.#####........
# .##....##
#......### # .#####.
#.###### ##.# #. #.#


You could see an endoplasm.

Vanquished Creatures
  An endoplasm (D:1)
  A bat (D:1)
  4 kobolds (D:1)
6 creatures vanquished.

Notes
Turn   | Place    | Note
-------+----------+-------------------------------------------
     0 | Abyss:1  | Hector the Demonspawn Abyssal Knight began the quest for
                  | the Orb.
     0 | Abyss:1  | Reached XP level 1. HP: 18/18 MP: 2/2
     6 | D:1      | Escaped the Abyss
   288 | D:1      | Frozen to death by an endoplasm

Illustrated notes

Levels and vault maps discovered:
D:1:      dpeg_arrival_orchard, layout_loops_ring,
          ebering_ecumenical_altar_hall, nrook_uturn

Skill      XL: |  1 |
---------------+----+-----
Axes           | 2 |  2.3
Fighting       | |  3.0
Armour         | |  1.7
Dodging        | |  0.8
Invocations    | |  2.4

Action                   || total
-------------------------++-------
Melee: Hand axe          ||    23
Armor: Leather armour    ||     2
Dodge: Dodged            ||    14

Table legend: (Time is in decaauts)
 A = Elapsed time spent in this place.
 B = Non-inter-level travel time spent in this place.
 C = Inter-level travel time spent in this place.
 D = Time resting spent in this place.
 E = Time spent auto-exploring this place.
 F = Levels seen in this place.
 G = Mean time per level.
                   A        B        C        D        E       F      G
               +--------+--------+--------+--------+--------+-----+--------+
         Total |    292 |    292 |      0 |      0 |    236 |   2 |  146.0 |
       Dungeon |    286 |    286 |      0 |      0 |    235 |   1 |  286.0 |
         Abyss |      6 |      6 |      0 |      0 |      1 |   1 |    6.0 |
               +--------+--------+--------+--------+--------+-----+--------+

Top non-repeatable levels by time:
     D:1: 286 daAuts
 Abyss:1: 6 daAuts
